 Dungeon Sprint DCSS version 0.30-a0-29-g142975f185 (webtiles) character file.

Game seed: 11664250613309538734

301 jt the Unseen (level 6, -4/35 HPs)
             Began as a Kobold Brigand on Aug 25, 2022.
             Was a Follower of Dithmenos.
             Killed from afar by a burning bush (13 damage)
             ... with a puff of flame
             ... in the Dungeon (Sprint IV: "Fedhas' Mad Dash").
             The game lasted 00:01:42 (431 turns).

jt the Unseen (Kobold Brigand)                       Turns: 431, Time: 00:01:43

Health: -4/35      AC:  5    Str:  8    XL:     6   Next: 64%
Magic:  6/6        EV: 14    Int: 13    God:    Dithmenos [*.....]
Gold:   118        SH:  0    Dex: 18    Spells: 5/5 levels left

rFire   . . .      SeeInvis .    a - +2 dagger
rCold   . . .      Faith    .    (no shield)
rNeg    . . .      Spirit   .    g - +2 robe {Archmagi}
rPois   .          Reflect  .    (no helmet)
rElec   .          Harm     .    c - +0 cloak
rCorr   .          Rampage  .    (no gloves)
Will    .....      Archmagi +    (no boots)
Stlth   ++++++++++ NoTele   +    l - amulet of invisibility {+Inv}
HPRegen 0.11/turn                (no ring)
MPRegen 0.10/turn                (no ring)

@: wreathed by umbra
A: small, no large weapons, nightstalker 3
a: Renounce Religion, Evoke Invisibility


You were in the Dungeon.
You worshipped Dithmenos.
Dithmenos was aware of your devotion.
You visited 1 branch You collected 118 gold pieces.

Inventory:

Hand Weapons
 a - a +2 dagger (weapon)
Missiles
 d - 9 poisoned darts (quivered)
 e - 3 curare-tipped darts
 m - 5 stones
Armour
 b - a +0 robe
 c - a +0 cloak (worn)
 g - a +2 robe of the Archmagi (worn)
 n - a +0 buckler
Jewellery
 l - the amulet of invisibility (around neck) {+Inv}
   (You found it in the Dungeon)

   [amulet of nothing]

   +Inv:      It lets you turn invisible.
Scrolls
 j - a scroll of poison {unknown}
 k - a scroll of blinking
Potions
 h - a potion of haste
 i - 2 potions of magic


   Skills:
 - Level 2.1 Fighting
 - Level 2.6 Short Blades
 - Level 2.1 Throwing
 - Level 1.2 Dodging
 + Level 18.3 Stealth
 + Level 0.0 Shields


You had 5 spell levels left.
You didn't know any spells.
Your spell library was empty.

Dungeon Overview and Level Annotations

Branches:
Dungeon (1/1)

Altars:
Cheibriados
Dithmenos
Elyvilon
Gozag
Hepliaklqana
Kikubaaqudgha
Makhleb
Nemelex Xobeh
Okawaru
Qazlal
Ru
Sif Muna
Trog
Uskayaw
Vehumet
Wu Jian
Xom
Yredelemnul
Zin
The Shining One
Jiyva
Lugonu

Shops:
D !!


Innate Abilities, Weirdness & Mutations

You are small and have problems with some larger weapons.
You are completely attuned to the shadows.


Message History

n - a +0 buckler You open the door.
Found 3 gold pieces.
Found Bibbeuf's Distillery and Goympuet's Distillery.
There is an open door here.
There is an entrance to Bibbeuf's Distillery here.
There is an entrance to Goympuet's Distillery here.
There is an open door here.
You now have 118 gold pieces (gained 3).
You open the door.
A burning bush and a wandering mushroom come into view.
Found 30 gold pieces.
A scorpion and a wandering mushroom come into view.
There is an open door here.
The wandering mushroom closely misses you.
You hit the wandering mushroom but do no damage.
The wandering mushroom misses you. The scorpion attacks as you move away!
The scorpion stings you.
The wandering mushroom barely misses you.
You see here 13 gold pieces.
You hit the burning bush but do no damage.
The wandering mushroom closely misses you.
The burning bush throws fire at you. The puff of flame hits you.
The wandering mushroom releases spores at you!
You are engulfed in a cloud of spores!
You are confused.
The scorpion stings you.
* * * LOW HITPOINT WARNING * * *
Unknown command.
Unknown command.
You feel better. The scorpion closely misses you.
The wandering mushroom releases spores at you.
* * * LOW HITPOINT WARNING * * *
You are engulfed in a cloud of spores!
The wandering mushroom completely misses you.
The scorpion attacks as you move away! The scorpion barely misses you.
The burning bush throws fire at you. The puff of flame hits you!
You die...

##################
._.⌠.#.['.))#....#
_._..'..#...#.f.P+
._...#..###'##.s@#
_._..#.[##∩∩.'..f#
._.⌠.#############
#####


You could see 2 wandering mushrooms, a burning bush and a scorpion.

Vanquished Creatures
  2 scorpions (D)
  4 oklob saplings (D)
  2 spriggans (D)
  A river rat (D)
  A rat (D)
10 creatures vanquished.

Notes
Turn   | Place    | Note
-------+----------+-------------------------------------------
     0 | D        | jt the Kobold Brigand began the quest for the Orb.
     0 | D        | Reached XP level 1. HP: 12/12 MP: 1/1
    17 | D        | Reached skill level 8 in Stealth
    17 | D        | Reached XP level 2. HP: 17/17 MP: 2/2
    79 | D        | Noticed an oklob sapling
    80 | D        | Killed an oklob sapling
    81 | D        | Reached skill level 10 in Stealth
    81 | D        | Reached XP level 3. HP: 21/21 MP: 3/3
    82 | D        | Noticed a scorpion
    82 | D        | Found the amulet of invisibility {+Inv}
    84 | D        | Killed a scorpion
    85 | D        | Reached skill level 13 in Stealth
    85 | D        | Reached XP level 4. HP: 26/26 MP: 4/4
   108 | D        | Reached skill level 14 in Stealth
   108 | D        | Reached XP level 5. HP: 30/30 MP: 5/5
   116 | D        | Found an opulent altar of Gozag.
   117 | D        | Found a burning altar of Makhleb.
   117 | D        | Found a sacrificial altar of Ru.
   117 | D        | Found an ornate altar of the Wu Jian Council.
   117 | D        | Found a shimmering altar of Xom.
   118 | D        | Found a shimmering blue altar of Sif Muna.
   118 | D        | Found a hazy altar of Hepliaklqana.
   119 | D        | Found a sparkling altar of Nemelex Xobeh.
   119 | D        | Found a basalt altar of Yredelemnul.
   119 | D        | Found a snail-covered altar of Cheibriados.
   120 | D        | Found a viscous altar of Jiyva.
   120 | D        | Found a bloodstained altar of Trog.
   121 | D        | Found a shadowy altar of Dithmenos.
   121 | D        | Found an iron altar of Okawaru.
   121 | D        | Found a glowing silver altar of Zin.
   122 | D        | Found an ancient bone altar of Kikubaaqudgha.
   122 | D        | Found a hide-covered altar of Uskayaw.
   123 | D        | Found a stormy altar of Qazlal.
   123 | D        | Found a white marble altar of Elyvilon.
   123 | D        | Found a glowing golden altar of the Shining One.
   369 | D        | Reached skill level 15 in Stealth
   369 | D        | Found a radiant altar of Vehumet.
   369 | D        | Found a corrupted altar of Lugonu.
   372 | D        | Became a worshipper of Dithmenos the Shadowed
   382 | D        | Reached skill level 16 in Stealth
   382 | D        | Reached XP level 6. HP: 35/35 MP: 6/6
   389 | D        | Reached skill level 17 in Stealth
   389 | D        | Reached * piety under Dithmenos
   390 | D        | Reached skill level 18 in Stealth
   417 | D        | Found Bibbeuf's Distillery.
   417 | D        | Found Goympuet's Distillery.
   424 | D        | Noticed a burning bush
   424 | D        | Noticed a wandering mushroom
   425 | D        | Noticed a wandering mushroom
   431 | D        | Killed from afar by a burning bush

Illustrated notes

Levels and vault maps discovered:
D:        dungeon_sprint_fedhas [sprint_temple]

Skill      XL: |  1  2  3  4  5  6 |
---------------+-------------------+-----
Stealth        | 8 10 13 14 16 18 | 18.3
Fighting       | |  2.1
Short Blades   | |  2.6
Throwing       | |  2.1
Dodging        | |  1.2

Action                   |  1- 3 |  4- 6 || total
-------------------------+-------+-------++-------
Melee: Dagger            |    12 |    12 ||    24
 Abil: Evoke Invisibilit |       |     1 ||     1
  Use: Potion            |     1 |     2 ||     3
 Stab: Sleeping          |     2 |     5 ||     7
       Invisible         |       |     1 ||     1
Armor: Robe              |     6 |       ||     6
Dodge: Dodged            |     8 |     7 ||    15

Table legend: (Time is in decaauts)
 A = Elapsed time spent in this place.
 B = Non-inter-level travel time spent in this place.
 C = Inter-level travel time spent in this place.
 D = Time resting spent in this place.
 E = Time spent auto-exploring this place.
 F = Levels seen in this place.
 G = Mean time per level.
                   A        B        C        D        E       F      G
               +--------+--------+--------+--------+--------+-----+--------+
         Total |    437 |    437 |      0 |    283 |      0 |   1 |  437.0 |
       Dungeon |    437 |    437 |      0 |    283 |      0 |   1 |  437.0 |
               +--------+--------+--------+--------+--------+-----+--------+

Top non-repeatable levels by time:
       D: 437 daAuts
